AoeStats
← gifted

MegaRandom

510260671Analyzed
4v4 RM · 2d ago on Sep 30, 2026· 17m 23s· 8 players
Game mode
Random Map
Map size
Large (8 player)
Population
200
Speed
Normal
Resources
Standard
Victory
Conquest
Starting age
Dark Age
Ending age
Imperial Age
RankedLock teamsTeams togetherTeam positionsShared explorationLock speedFull tech treeHidden civsTurbo modeCheats
Victory
Defeat
🇨🇳 Danes · China
1494
+16
🇨🇳 Mongols · China
1462
+17
🇨🇳 Jurchens · China
1447
+17
🇺🇸 Romans · United States
1437
+18
🇨🇳 Franks · China
1547
-20
🇨🇳 Mongols · China
1538
-19
🇦🇺 Khmer · Australia
1471
-17
🇩🇪 Spanish · Germany
1367
-12
meh
0:35 Loom
8:56 Feudal Age
12:43 Castle Age
11:58 Double-Bit Axe
Stalin
0:30 Loom
8:17 Feudal Age
9:19 Double-Bit Axe
9:53 Horse Collar
17:17 Scale Barding Armor
17:23 Forging
120057903
0:33 Loom
7:39 Feudal Age
9:52 Double-Bit Axe
11:54 Scale Barding Armor
14:10 Forging
i'm a pupil
0:33 Loom
9:02 Feudal Age
9:42 Double-Bit Axe
10:09 Man-at-Arms
12:13 Horse Collar
15:30 Town Watch
18:34 Wheelbarrow
吮指原味鸡
5:51 Loom
8:14 Feudal Age
9:00 Double-Bit Axe
16:15 Forging
麦辣鸡翅
0:34 Loom
10:16 Feudal Age
18:32 Castle Age
gifted
0:33 Loom
0:42 Loom
9:49 Feudal Age
8:23 Loom
14:53 Castle Age
14:26 Double-Bit Axe
Das Frettchen
7:55 Loom
9:46 Feudal Age
10:59 Loom
13:28 Castle Age
15:20 Double-Bit Axe
Connection lost

Rejoining the realm…

Still unreachable

The connection could not be restored.

Session expired

The server has moved on; the page needs a fresh start.